 Dungeon Crawl Stone Soup version 0.24-a0-434-gd57e52fea8 (webtiles) character file.

Game seed: 1127491751260456684

311641 vurker the Slayer (level 21, -1/152 HPs)
             Began as a Gargoyle Berserker on June 16, 2019.
             Was an Elder of Trog.
             Killed from afar by a starcursed mass (9 damage)
             ... with an accursed screaming
             ... on level 3 of the Abyss.
             The game lasted 01:39:59 (49161 turns).

vurker the Slayer (Gargoyle Berserker)             Turns: 49161, Time: 01:40:00

Health: -1/152     AC: 51    Str: 23      XL:     21   Next: 28%
Magic:  0/14       EV:  8    Int:  5 (12) God:    Trog [****..]
Gold:   3398       SH:  0    Dex:  5      Spells: 20/20 levels left

rFire    + . .     SeeInvis +   a - +9 executioner's axe (elec)
rCold    + + .     Gourm    .   (shield currently unavailable)
rNeg     + . .     Faith    .   N - +3 plate armour {rC+}
rPois    ∞         Spirit   +   h - +0 helmet
rElec    +         Reflect  .   U - scarf {rC+ rF+}
rCorr    .         Harm     .   q - +2 pair of gloves {archery}
MR       +++..                  L - +0 pair of boots {run}
Stlth    ..........             H - amulet of guardian spirit
HPRegen  1.00/turn              z - ring of see invisible
MPRegen  0.14/turn              Z - +6 ring of protection

@: about to teleport, flying, very slightly contaminated, regenerating,
invisible, quick
A: big wings, [blurry vision 2], [clumsy 2], [deterioration 2], [low mp 3],
negative energy resistance 1, electricity resistance, [inhibited regeneration],
[weak 2], unbreathing, petrification resistance, rot immunity, AC +16
}: 2/15 runes: decaying, serpentine
a: Stop Flying, Berserk, Trog's Hand, Brothers in Arms, Renounce Religion


You were on level 3 of the Abyss.
You worshipped Trog.
Trog was greatly pleased with you.
You were not hungry.

You visited 6 branches of the dungeon, and saw 34 of its levels.
You visited the Abyss 2 times.
You also visited: Bailey.

You collected 3398 gold pieces.

Inventory:

Hand Weapons
 a - a +9 executioner's axe of electrocution (weapon)
   (Trog gifted it to you on level 10 of the Dungeon)
 s - a +2 antimagic battleaxe
   (Trog gifted it to you on level 5 of the Lair of Beasts)
 A - a +2 antimagic broad axe
   (Trog gifted it to you on level 3 of the Swamp)
 O - a +7 battleaxe
   (Trog gifted it to you on level 14 of the Dungeon)
 P - a +0 vampiric battleaxe
   (You took it off an orc warrior on level 1 of the Orcish Mines)
Missiles
 c - 3 throwing nets (quivered) {!f}
Armour
 h - a +0 helmet (worn)
   (You took it off Robin on level 2 of the Dungeon)
 q - a +2 pair of gloves of archery (worn)
   (You acquired it on level 2 of the Lair of Beasts)
 L - a +0 pair of boots of running (worn)
   (You acquired it on level 2 of the Lair of Beasts)
 N - a +3 plate armour of cold resistance (worn)
   (You found it on level 14 of the Dungeon)
 U - a scarf of resistance (worn)
   (You acquired it on level 11 of the Dungeon)
 V - a +0 large shield
   (You found it on level 1 of the Swamp)
Jewellery
 o - an uncursed ring of protection from cold
   (You found it on level 12 of the Dungeon)
 z - a ring of see invisible (left hand)
   (You found it on level 9 of the Dungeon)
 H - an amulet of guardian spirit (around neck)
   (You found it on level 11 of the Dungeon)
 Z - a +6 ring of protection (right hand)
   (You found it on level 2 of the Vaults)
Wands
 d - a wand of iceblast (32)
   (You took it off Ijyb on level 5 of the Dungeon)
 j - a wand of scattershot (3)
   (You found it on level 3 of the Lair of Beasts)
 t - a wand of flame (30)
   (You found it on level 8 of the Dungeon)
 u - a wand of paralysis (1)
   (You took it off a naga sharpshooter on level 4 of the Snake Pit)
 v - a wand of digging (6)
   (You found it on level 6 of the Dungeon)
 x - a wand of acid (6)
   (You found it on level 1 of the Lair of Beasts)
 S - a wand of enslavement (4)
   (You found it on level 4 of the Snake Pit)
 W - a wand of polymorph (11)
   (You found it on level 3 of the Swamp)
Scrolls
 b - a scroll of immolation {!r}
 f - 3 scrolls of holy word
 i - 4 scrolls of fog
 l - 5 scrolls of teleportation {@r4}
 w - 9 scrolls of enchant armour
 B - 8 scrolls of remove curse {@r2}
 C - 3 scrolls of fear
 F - 11 scrolls of magic mapping
 G - 10 scrolls of identify {@r1}
 Q - a scroll of summoning
 T - 2 scrolls of silence
Potions
 g - 8 potions of curing {@q1}
 k - 4 potions of mutation {!q}
 m - 2 potions of cancellation
 n - 5 potions of haste {@q3}
 p - 8 potions of lignification {!q}
 r - 3 potions of ambrosia
 D - 2 potions of might
 I - 4 potions of agility
 J - 2 potions of resistance
 K - a potion of invisibility
Comestibles
 e - 22 rations {!d}


   Skills:
 + Level 22.9 Fighting
 * Level 22.0 Axes
 + Level 18.7 Armour
 - Level 1.5 Dodging


You had 20 spell levels left.
You didn't know any spells.
Your spell library was empty.

Dungeon Overview and Level Annotations

Branches:
Dungeon (15/15)            Temple (0/1) D:5            Lair (6/6) D:11
  Swamp (4/4) Lair:4        Snake (4/4) Lair:2        Slime (0/5) Lair:5
    Orc (2/2) D:10            Elf (0/3) Orc:2        Vaults (3/5) D:13
  Crypt (0/3) Vaults:2     Depths (0/5) D:15

Altars:
Fedhas
Hepliaklqana
Okawaru
Qazlal
Trog
Xom
Yredelemnul

Shops:
D:4 (   D:9 !   D:11 ?}}(   Orc:2 =(*[   Snake:2 ==   Vaults:1 (

Annotations:
D:5 2 transporters, PeterLawrence's ghost, amateur GrFi
Lair:2 2 transporters, Icink's ghost, journeyman MiBe
Lair:4 3 runed translucent doors, Ikhar's ghost, journeyman OpVM
Lair:6 2 transporters, Cofein's ghost, journeyman FoFi


Innate Abilities, Weirdness & Mutations

You are resistant to torment.
Your stone body is resilient. (AC +16)
You are immune to poison.
Your large and strong wings let you fly indefinitely.
You resist negative energy. (rN+)
You are resistant to electric shocks. (rElec)
You can survive without breathing.
You are immune to petrification.
You are immune to rotting.
[Scrolls take you longer to read.]
[You are very clumsy. (Dex -4)]
[Your body often deteriorates upon taking damage.]
[Your magical capacity is extremely low. (-30% MP)]
[You do not regenerate when monsters are visible.]
[You are very weak. (Str -4)]


Message History

The starcursed mass is engulfed in blazing flames.
The starcursed mass is destroyed!
A starcursed mass splits.
The spatial vortex is engulfed in blazing flames.
The starcursed mass engulfs you but does no damage.
The starcursed mass engulfs your two-headed ogre.
The iron imp shouts, "Slither hence, thou errant weather-bitten foot-licker!"
The starcursed mass engulfs you.
* * * LOW HITPOINT WARNING * * *
The starcursed mass engulfs you but does no damage.
You can move again.
You fade into invisibility!
Your two-headed ogre hits the starcursed mass with a +0 dire flail!!
The starcursed mass is destroyed!
Trog accepts your kill. The efreet closely misses you.
The starcursed mass barely misses your two-headed ogre.
The starcursed mass engulfs you but does no damage.
The starcursed mass engulfs your two-headed ogre. x2
You are very lightly contaminated with residual magic.
Your two-headed ogre hits the starcursed mass with a +0 dire flail!!
The starcursed mass is destroyed!
Trog accepts your kill.
The efreet gestures at the starcursed mass.
A tentacle flies out from the starspawn's body!
The starcursed mass engulfs your two-headed ogre.
Your two-headed ogre hits the starcursed mass with a +0 dire flail!!
The starcursed mass shudders and is absorbed by its neighbour.
A starspawn tentacle comes into view.
The starcursed mass engulfs your two-headed ogre!
Your two-headed ogre hits the starcursed mass with a +0 dire flail!!
The starcursed mass is destroyed!
Trog accepts your kill.
A raiju comes into view.
Your two-headed ogre barely misses the neqoxec.
Your two-headed ogre misses the neqoxec.
The neqoxec hits your two-headed ogre!
The wretched star is engulfed in blazing flames.
The raiju bursts into living lightning!
The living lightning hits you but does no damage.
The raiju blinks! x2
You hear a bark! 3 raiju come into view.
The raiju barks! x2
The starcursed mass is engulfed in a cloud of scalding steam.
The starcursed mass shudders and is absorbed by its neighbour.
The wretched star is engulfed in blazing flames.
The starcursed mass is engulfed in a cloud of scalding steam.
A deafening chorus of shrieks assaults your mind!
You die...

#. . .#... ( ......
....... # # .. #.§#.
.#..#... # .##.h
..... ..# #
.h.h###.# §.#. . #
#.#..#. ....# ...
#§##....#....##
##≈≈##.......§....#
.####♣♣##
#.#@v#..###
#..#..≈≈###Rh#.....#
####..OXX○*#...#####
83X##.X5°##....##
≈§5x.vX3XG..#.##.#


..XXX.X.X≈v .## ## .x.5wXXX##≈≈≈..# ...5X3... .≈≈≈.# ...5.553# .#≈≈≈## You could
see 6 starcursed masses, a wretched star, a spatial vortex, a large abomination,
an efreet, 4 raiju, a neqoxec and a crimson imp.

Vanquished Creatures
  Mara (Swamp:4)
  Bai Suzhen (Snake:3)
  Margery (Vaults:3)
  Saint Roka (Snake:2)
  Jory (Vaults:2)
  Nikola (Swamp:4)
  A bone dragon (Swamp:4)
  A tentacled monstrosity (Swamp:3)
  Frances (Swamp:2)
  3 tentacled starspawn (Abyss:2)
  A tengu reaver (Vaults:3)
  Donald (Swamp:2)
  2 thorn hunters
  8 nagarajas (Snake:4)
  A fire giant (Vaults:3)
  A frost giant (Vaults:3)
  5 vault wardens
  2 deep elf sorcerers
  An orc warlord (Orc:2)
  8 ironheart preservers
  2 starcursed masses
  2 stone giants (Vaults:2)
  A lorocyproca (Abyss:2)
  A deep elf death mage (Vaults:3)
  5 yaktaur captains
  17 naga warriors
  A great orb of eyes (Vaults:2)
  Erolcha (D:12)
  15 hydras
  A vault guard (Vaults:2)
  A ghost crab (Swamp:4)
  Harold (D:7)
  A servant of whispers (Vaults:2)
  2 catoblepae
  9 anacondas
  A shambling mangrove (Swamp:3)
  12 alligators
  12 two-headed ogres
  6 centaur warriors
  4 ogre magi
  3 death knights
  2 deep troll shamans
  A deep troll earth mage (Vaults:1)
  19 naga sharpshooters
  5 orc high priests
  11 shock serpents
  A wretched star (Abyss:2)
  A spatial maelstrom (Abyss:2)
  A fire crab (Lair:6)
  3 skeletal warriors (Vaults:1)
  2 shadow wraiths
  5 hell knights (Vaults:3)
  3 salamander mystics
  8 deep trolls
  3 unseen horrors
  2 glowing orange brains
  A flayed ghost (Vaults:3)
  2 spriggan druids (Swamp:4)
  A swamp dragon (Swamp:1)
  8 naga ritualists
  8 ironbrand convokers
  3 spectral hydras (Swamp:4)
  5 wizards
  4 large abominations
  3 necromancers
  2 phantasmal warriors
  5 harpies (Vaults:1)
  A wolf spider zombie (D:14)
  An orb spider (shapeshifter) (D:13)
  8 mana vipers
  2 mana vipers (shapeshifter)
  6 orc sorcerers
  13 orc knights
  28 ugly things
  10 deep elf magi
  6 cyclopes
  7 salamanders
  A centaur zombie (D:10)
  2 manticores
  5 elephants
  3 guardian serpents
  Psyche (D:12)
  An apocalypse crab (Abyss:2)
  9 vault sentinels
  37 black mambas
  27 naga magi
  12 spiny frogs
  A smoke demon (Abyss:3)
  2 gargoyles
  3 rime drakes
  A kobold demonologist (D:13)
  A redback zombie (D:15)
  4 swamp worm zombies (Swamp:4)
  A yaktaur (shapeshifter) (D:15)
  11 komodo dragons
  2 freezing wraiths
  An entropy weaver simulacrum (Vaults:2)
  7 hydra zombies
  26 yaktaurs
  An ancient zyme (Abyss:2)
  2 tengu conjurers (D:15)
  9 polar bears
  A meliai (shapeshifter) (D:14)
  A queen bee (shapeshifter) (Vaults:3)
  9 trolls
  20 hornets
  10 bog bodies
  A wind drake (shapeshifter) (Vaults:1)
  30 slime creatures
  Prince Ribbit (D:5)
  2 saltlings (Vaults:2)
  A raiju (shapeshifter) (D:13)
  A shadow dragon simulacrum (Abyss:3)
  14 tyrant leeches
  3 spectral swamp dragons (Swamp:4)
  4 raiju (Abyss:3)
  5 alligator zombies
  8 dream sheep (Lair:6)
  17 hippogriffs
  5 blink frogs (Lair:5)
  Sigmund (D:2)
  A centaur simulacrum (D:15)
  27 spriggans
  A water elemental (D:11)
  A shadow (D:14)
  2 ynoxinuls (Abyss:3)
  66 yaks
  3 wyverns
  4 wraiths
  6 hogs
  3 hungry ghosts
  15 vampire mosquitoes
  2 basilisks
  A hog (shapeshifter) (Vaults:2)
  5 wargs
  A chaos spawn (Abyss:2)
  Menkaure (D:5)
  A spatial vortex (Abyss:3)
  14 swamp worms
  3 small abominations
  46 nagas
  A soldier ant (D:13)
  Edmund (D:4)
  25 insubstantial wisps
  2 acid dragons
  9 water moccasins
  A hell hound (Abyss:2)
  67 orc warriors
  7 porcupines
  8 swamp drakes
  3 sky beasts
  2 swamp dragon zombies (Swamp:4)
  A hornet zombie (Swamp:3)
  An eye of draining (shapeshifter) (D:14)
  8 black bears
  14 ice beasts
  A necrophage (D:7)
  9 phantoms
  18 wolves (Lair:6)
  21 centaurs
  15 boggarts
  An eye of draining (D:13)
  27 ogres
  5 crocodiles
  2 human zombies (Vaults:2)
  7 big kobolds
  A gnoll sergeant (D:9)
  14 bullfrogs
  7 scorpions
  A wyvern skeleton (D:10)
  A human simulacrum (Vaults:2)
  4 troll zombies (D:10)
  9 killer bees
  9 wights
  4 howler monkeys
  6 electric eels (D:11)
  6 crimson imps
  2 quasits
  A bullfrog skeleton (D:12)
  10 hounds
  5 jellies
  18 orc priests
  Crazy Yiuf (D:3)
  8 centaur skeletons
  4 iguanas
  31 orc wizards
  A spectral swamp drake (Swamp:4)
  Ijyb (D:5)
  Natasha (thrice) (D:3)
  7 worker ants
  A crocodile zombie (Swamp:3)
  4 ogre zombies (D:10)
  A hound zombie (D:8)
  A hound skeleton (D:11)
  Robin (D:2)
  2 worker ant zombies
  6 gnolls
  2 swamp drake zombies
  11 adders
  A white imp (Abyss:2)
  6 oozes
  A swamp drake simulacrum (Swamp:3)
  2 adder zombies (D:5)
  3 worms
  A dart slug (D:3)
  7 leopard geckos
  117 orcs
  6 giant cockroaches
  10 hobgoblins
  6 jackals
  6 quokkas
  3 ball pythons
  6 bats
  3 frilled lizards
  13 goblins
  2 goblin skeletons (D:10)
  A goblin zombie (D:10)
  A hobgoblin skeleton (D:10)
  4 hobgoblin zombies (D:10)
  34 kobolds
  A leopard gecko skeleton (D:9)
  An orc skeleton (D:10)
  16 orc zombies (D:10)
  A quokka skeleton (D:4)
  A quokka zombie (D:8)
  10 rats
  2 briar patches (Swamp:2)
  11 fungi
  5 plants
  6 starspawn tentacles (Abyss:2)
1564 creatures vanquished.

Vanquished Creatures (collateral kills)
  Xtahua (Vaults:2)
  A bone dragon (Abyss:2)
  Jorgrun (D:12)
  A very ugly thing (Abyss:3)
  A yaktaur captain (Vaults:3)
  A naga warrior (Snake:2)
  A naga sharpshooter (Snake:3)
  A hell knight (Vaults:3)
  2 skeletal warriors (Vaults:1)
  2 deep trolls (Vaults:1)
  A phantasmal warrior (Swamp:4)
  2 orc knights
  An orc sorcerer (Orc:2)
  2 ugly things (Vaults:1)
  A guardian serpent (Snake:2)
  A naga mage (Snake:4)
  A black mamba (Snake:1)
  A komodo dragon (Lair:6)
  A large abomination (Abyss:3)
  2 yaks (Lair:6)
  A warg (Vaults:1)
  A water moccasin (Lair:6)
  An orc warrior (Vaults:3)
  An ogre (Snake:2)
  A phantom (D:10)
  3 starcursed masses (Abyss:3)
  2 orcs
35 creatures vanquished.

Vanquished Creatures (others)
  Kirke (Snake:3)
  2 alligators (Swamp:4)
  A naga mage (Snake:4)
  A slime creature (Swamp:4)
  A bog body (Swamp:4)
  A crocodile (Lair:6)
  A starcursed mass (Abyss:3)
  A briar patch (Swamp:2)
  3 bushes (Lair:6)
  28 fungi
  32 plants
  15 starspawn tentacles
87 creatures vanquished.

Grand Total: 1686 creatures vanquished

Notes
Turn   | Place    | Note
-------+----------+-------------------------------------------
     0 | D:1      | vurker the Gargoyle Berserker began the quest for the Orb.
     0 | D:1      | Reached XP level 1. HP: 14/14 MP: 1/1
   167 | D:1      | Reached XP level 2. HP: 19/19 MP: 2/2
   410 | D:1      | Reached XP level 3. HP: 24/24 MP: 3/3
  1056 | D:1      | Reached ** piety under Trog
  1115 | D:2      | Noticed Robin
  1182 | D:1      | Reached XP level 4. HP: 16/29 MP: 4/4
  1620 | D:2      | Killed Robin
  1622 | D:2      | Noticed Sigmund
  2130 | D:2      | Killed Sigmund
  2130 | D:2      | Reached skill level 5 in Fighting
  2130 | D:2      | Reached skill level 5 in Axes
  2130 | D:2      | Reached XP level 5. HP: 35/35 MP: 5/5
  2130 | D:2      | Reached XP level 6. HP: 40/40 MP: 6/6
  2755 | D:3      | Noticed Natasha
  2778 | D:3      | Killed Natasha
  2973 | D:3      | Noticed Natasha
  2980 | D:3      | Killed Natasha
  3078 | D:3      | Noticed Natasha
  3083 | D:3      | Killed Natasha
  3083 | D:3      | Reached XP level 7. HP: 44/44 MP: 7/7
  3215 | D:3      | Reached *** piety under Trog
  3257 | D:3      | Found a runed translucent door.
  3258 | D:3      | Noticed Crazy Yiuf
  3546 | D:3      | Killed Crazy Yiuf
  3966 | D:4      | Noticed Edmund
  3983 | D:4      | Killed Edmund
  3983 | D:4      | Reached XP level 8. HP: 51/51 MP: 8/8
  4320 | D:4      | Found Faadatob's Weapon Boutique.
  4366 | D:5      | Entered Level 5 of the Dungeon
  4750 | D:5      | Noticed Ijyb
  4755 | D:5      | Killed Ijyb
  4769 | D:5      | Found a transporter.
  4771 | D:5      | Found a transporter.
  4977 | D:5      | Noticed Prince Ribbit
  5469 | D:5      | Found a staircase to the Ecumenical Temple.
  5472 | D:5      | Noticed Menkaure
  5479 | D:5      | Killed Menkaure
  5496 | D:5      | Reached skill level 5 in Armour
  5589 | D:5      | Reached XP level 9. HP: 57/57 MP: 9/9
  5783 | D:5      | Found a staircase to the Ecumenical Temple.
  6029 | D:5      | Killed Prince Ribbit
  6107 | D:5      | Noticed PeterLawrence's ghost (amateur GrFi)
  6120 | D:5      | Found a transporter.
  6122 | D:5      | Found a transporter.
  6593 | D:5      | Found a transporter.
  6594 | D:5      | Found a transporter.
  6908 | D:5      | Found a staircase to the Ecumenical Temple.
  7784 | D:6      | Reached **** piety under Trog
  8198 | D:7      | Noticed Harold
  9055 | D:7      | Killed Harold
  9055 | D:7      | Reached skill level 10 in Axes
  9055 | D:7      | Reached XP level 10. HP: 65/65 MP: 10/10
  9357 | D:8      | Found a bloodstained altar of Trog.
  9407 | D:8      | Received a gift from Trog
  9553 | D:8      | Noticed a two-headed ogre
  9573 | D:8      | Killed a two-headed ogre
  9835 | D:8      | Reached ***** piety under Trog
 10066 | D:8      | Reached XP level 11. HP: 64/72 MP: 11/11
 10207 | D:8      | Found an iron altar of Okawaru.
 10207 | D:8      | Found a hazy altar of Hepliaklqana.
 10599 | D:9      | Reached skill level 10 in Fighting
 10670 | D:9      | Found a stormy altar of Qazlal.
 10826 | D:9      | Received a gift from Trog
 11092 | D:9      | Found Ynul's Distillery.
 11592 | D:10     | Entered Level 10 of the Dungeon
 11779 | D:10     | Found a bloodstained altar of Trog.
 11813 | D:10     | Found a flagged portal.
 11820 | Bailey   | Entered a bailey
 12762 | D:10     | Found a staircase to the Orcish Mines.
 12814 | D:10     | Received a gift from Trog
 13237 | D:11     | Found a frozen archway.
 13351 | D:11     | Found Maotaogi's Gadget Boutique.
 13378 | D:11     | Noticed a purple ugly thing
 13386 | D:11     | Killed a purple ugly thing
 13386 | D:11     | Reached XP level 12. HP: 64/81 MP: 12/12
 13443 | D:11     | Found a staircase to the Lair.
 13455 | D:11     | Reached skill level 10 in Armour
 13461 | D:11     | Received a gift from Trog
 13616 | D:11     | Found Lunonle's Gadget Shoppe.
 13684 | D:11     | Found Fymuopn's Magic Scroll Shop.
 13686 | D:11     | Identified a scroll of acquirement
 13962 | D:11     | Noticed a two-headed ogre
 13969 | D:11     | Killed a two-headed ogre
 14545 | D:11     | Found Dyodd's Weapon Emporium.
 14954 | Lair:1   | Entered Level 1 of the Lair of Beasts
 15143 | Lair:1   | Found a basalt altar of Yredelemnul.
 16003 | Lair:2   | Found a transporter.
 16003 | Lair:2   | Noticed a death yak
 16003 | Lair:2   | Noticed Icink's ghost (journeyman MiBe)
 16155 | Lair:2   | Noticed a seven-headed hydra
 16163 | Lair:2   | Reached skill level 15 in Fighting
 16167 | Lair:2   | Killed a seven-headed hydra
 16167 | Lair:2   | Reached XP level 13. HP: 50/92 MP: 13/13
 16616 | Lair:2   | Found a transporter.
 16661 | Lair:2   | Identified a +0 pair of boots of running (You acquired it
                  | on level 2 of the Lair of Beasts)
 16724 | Lair:2   | Found a staircase to the Snake Pit.
 18369 | Lair:4   | Found a runed translucent gate.
 18369 | Lair:4   | Found a runed translucent gate.
 18370 | Lair:4   | Found a runed translucent gate.
 18371 | Lair:4   | Noticed Ikhar's ghost (journeyman OpVM)
 18379 | Lair:4   | Found the -2 hat of the Alchemist {rElec rPois rF+ rC+ rN+
                  | MR+ rMut rCorr}
 18595 | Lair:4   | Found a staircase to the Swamp.
 19395 | Lair:5   | Found a staircase to the Slime Pits.
 19580 | Lair:5   | Received a gift from Trog
 20086 | Lair:6   | Entered Level 6 of the Lair of Beasts
 20096 | Lair:6   | Gained mutation: Your large and strong wings let you fly
                  | indefinitely. [Gargoyle growth]
 20096 | Lair:6   | Reached XP level 14. HP: 89/102 MP: 12/14
 20098 | Lair:6   | Found a transporter.
 20331 | Lair:6   | Noticed Cofein's ghost (journeyman FoFi)
 20856 | Lair:6   | Reached skill level 15 in Axes
 20897 | Lair:6   | Found a transporter.
 22395 | D:12     | Noticed Erolcha
 22415 | D:12     | Killed Erolcha
 22421 | D:12     | Noticed Jorgrun
 22434 | D:12     | Killed Jorgrun
 22807 | D:12     | Noticed Psyche
 22815 | D:12     | Killed Psyche
 23187 | D:13     | Reached XP level 15. HP: 67/109 MP: 9/15
 23943 | D:13     | Found a gate to the Vaults.
 24500 | D:14     | Received a gift from Trog
 25475 | D:15     | Entered Level 15 of the Dungeon
 26228 | D:15     | Found a blossoming altar of Fedhas.
 26355 | D:15     | Received a gift from Trog
 26578 | D:15     | Got a slimy falchion
 26595 | D:15     | Paralysed by an orc sorcerer for 4 turns
 26665 | D:15     | Found a staircase to the Depths.
 26761 | D:15     | Got a smelly leather armour
 26950 | D:15     | Identified the +5 falchion "Siujaush" {flame, rF- rN+
                  | Str+9} (You found it on level 15 of the Dungeon)
 27132 | Orc:1    | Entered Level 1 of the Orcish Mines
 27435 | Orc:1    | Reached XP level 16. HP: 108/117 MP: 13/16
 27868 | Orc:1    | Found a dark tunnel.
 28077 | Orc:2    | Entered Level 2 of the Orcish Mines
 28078 | Orc:2    | Found Ixolas's Jewellery Shoppe.
 28242 | Orc:2    | Received a gift from Trog
 28335 | Orc:2    | Found a staircase to the Elven Halls.
 29320 | Orc:2    | Found Uterchukk's Antique Armour Emporium.
 29403 | Orc:2    | Found Voeliren's General Store.
 29418 | Orc:2    | Found Safiots's Antique Weapon Boutique.
 30133 | Swamp:1  | Entered Level 1 of the Swamp
 30417 | Snake:1  | Entered Level 1 of the Snake Pit
 30796 | Snake:1  | Received a gift from Trog
 31374 | Snake:2  | Noticed Saint Roka
 31385 | Snake:2  | Killed Saint Roka
 32091 | Snake:2  | Reached XP level 17. HP: 110/124 MP: 14/17
 32134 | Snake:2  | Found Carat's Jewellery Shop.
 32155 | Snake:2  | Found Saerph's Jewellery Boutique.
 32979 | Snake:3  | Reached skill level 15 in Armour
 33290 | Snake:3  | Noticed Bai Suzhen
 33382 | Snake:3  | Killed Bai Suzhen
 33395 | Snake:3  | Noticed Kirke
 33675 | Snake:3  | Killed Kirke
 33922 | Snake:4  | Entered Level 4 of the Snake Pit
 34364 | Snake:4  | Found a shimmering altar of Xom.
 34871 | Snake:4  | Paralysed by a naga sharpshooter for 2 turns
 35986 | Snake:4  | Reached XP level 18. HP: 111/131 MP: 15/18
 36615 | Snake:4  | Received a gift from Trog
 37507 | Snake:4  | Got a serpentine rune of Zot
 39102 | Swamp:2  | Noticed Frances
 39120 | Swamp:2  | Killed Frances
 39603 | Swamp:2  | You are sucked into a shaft and drop 1 floor!
 39751 | Swamp:3  | Received a gift from Trog
 40327 | Swamp:2  | Noticed Donald
 40338 | Swamp:2  | Killed Donald
 40534 | Swamp:3  | Reached XP level 19. HP: 78/138 MP: 15/19
 40813 | Swamp:3  | Noticed a tentacled monstrosity
 40826 | Swamp:3  | Killed a tentacled monstrosity
 41343 | Swamp:4  | Entered Level 4 of the Swamp
 41467 | Swamp:4  | Noticed Mara
 41677 | Swamp:4  | Noticed vurker's illusion
 41983 | Swamp:4  | Noticed vurker's illusion
 41990 | Swamp:4  | Killed Mara
 42413 | Swamp:4  | Noticed a bone dragon
 42441 | Swamp:4  | Killed a bone dragon
 42625 | Swamp:4  | Got a decaying rune of Zot
 42715 | Swamp:4  | Noticed Nikola
 42737 | Swamp:4  | Killed Nikola
 43173 | Vaults:1 | Entered Level 1 of the Vaults
 43190 | Vaults:1 | Received a gift from Trog
 43370 | Vaults:1 | Found Ruboiq's Weapon Boutique.
 44464 | Vaults:1 | Reached XP level 20. HP: 145/145 MP: 20/20
 45281 | Vaults:2 | Noticed Xtahua
 45288 | Vaults:2 | Killed Xtahua
 45579 | Vaults:2 | Cast into level 2 of the Abyss (a deep elf sorcerer)
 45665 | Abyss:2  | Noticed a bone dragon
 45693 | Abyss:2  | Killed a bone dragon
 45739 | Abyss:2  | HP: 7/146 [disintegration (35)]
 45747 | Abyss:2  | Found a corrupted altar of Lugonu.
 45998 | Vaults:2 | Escaped the Abyss
 46346 | Vaults:2 | Found a staircase to the Crypt.
 46920 | Vaults:2 | Noticed Jory
 46935 | Vaults:2 | Killed Jory
 47261 | Vaults:2 | Got an ebony hand axe
 47563 | Vaults:3 | Received a gift from Trog
 48116 | Vaults:3 | Got a pitted dagger
 48150 | Vaults:3 | Reached XP level 21. HP: 151/152 MP: 21/21
 48192 | Vaults:3 | Noticed Margery
 48212 | Vaults:3 | Killed Margery
 48979 | Vaults:3 | Cast into level 3 of the Abyss (a deep elf sorcerer)
 49046 | Abyss:3  | Received a gift from Trog
 49142 | Abyss:3  | Paralysed by accursed screaming for 1 turns
 49147 | Abyss:3  | Paralysed by accursed screaming for 2 turns
 49154 | Abyss:3  | Paralysed by accursed screaming for 2 turns
 49155 | Abyss:3  | HP: 5/152 [starcursed mass/accursed screaming (17)]
 49161 | Abyss:3  | Killed from afar by a starcursed mass

Levels and vault maps discovered:
D:1:      arrival_zaba_pyramid, layout_basic, hangedman_abyss_or_decor_stabs
D:2:      layout_loops_ring, uniq_sigmund, uniq_robin
D:3:      layout_basic, uniq_natasha, uniq_crazy_yiuf_cottage
D:4:      layout_rooms, serial_shops, shop, uniq_edmund
D:5:      layout_gridville, temple_statues, gammafunk_ghost_hive, first_ration,
          uniq_prince_ribbit1, uniq_ijyb, uniq_menkaure
D:6:      layout_gridville, minmay_misc_feat_doors, minmay_puff
D:7:      layout_gridville, uniq_harold
D:8:      layout_cave_pools, bloody_trog, gammafunk_temple_overflow_elements,
          serial_park, serial_park_square3 [serial_park_minivault_5x5_8],
          serial_park_square3 [serial_park_minivault_5x5_3], serial_park_square1
          [serial_park_minivault_5x5_6], serial_park_square3
          [serial_park_minivault_5x5_7]
D:9:      layout_stronghold, nicolae_overflow_crystal_walls, serial_shops, shop
D:10:     layout_basic, zombieorc2_lemuel, basic_altar, enter_bailey_2
D:11:     layout_basic, grunt_lair_entry_orc_guard_hut, serial_shops, shop,
          shop, nicolae_shop_crystal, kennysheep_mini_moat,
          portal_ice_cave_entry_ice_beasts, grunt_ogre_cave, kennysheep_donut,
          hangedman_decor_opposing
D:12:     layout_irregular_city, uniq_erolcha, uniq_jorgrun, uniq_psyche
D:13:     layout_irregular_city, hangedman_vaults_entry_quadrant_bands
D:14:     layout_rooms, serial_aquarium, aquarium_bridge_square
          [aquarium_subvault_wall, aquarium_subvault_wall,
          aquarium_subvault_bridge, aquarium_subvault_window],
          aquarium_window_corridor_3, aquarium_window_fake, aquarium_view_2d,
          minmay_pinched_square
D:15:     grunt_enter_depths_magical_seal, layout_layer_cave,
          gauntlet_entry_generic, drop_trap, fedhas_altar_1
Lair:1:   wad_woods_stonehenge, layout_chaotic_city, minivault_27,
          serial_bayou_shore_b
Lair:2:   layout_gridlike, gammafunk_ghost_arena
Lair:3:   layout_cave_pods, beast_lair_carwin_9
Lair:4:   layout_loops_ring, minmay_swamp_entry_swarm,
          gammafunk_ghost_hydra_chop, lemuel_fruit_fields, serial_bayou_shore_a,
          grunt_megastairs_3
Lair:5:   layout_cave_shapes, nicolae_slime_entry_slimehenge
Lair:6:   minmay_lair_end_enchanted_forest, layout_misc_corridors,
          gammafunk_ghost_berserking_beasts, minivault_23
Swamp:1:  layout_falls_marsh, nicolae_swamp_dense_foliage
Swamp:2:  layout_basic_swamp, hangedman_swamp_ruin_wall, swamp_pool4,
          infiniplex_staircase_pool, uniq_frances, uniq_donald
Swamp:3:  layout_basic_swamp, evilmike_swamp_ruin_house_1, swamp_pool5,
          nicolae_swamp_necromancer_hut
Swamp:4:  swamp_pestilence, layout_basic_swamp, uniq_nikola, uniq_mara
Snake:1:  layout_rooms
Snake:2:  layout_onion_interference, hangedman_snake_corridor_split,
          minmay_shoptagon, uniq_saint_roka
Snake:3:  layout_rooms, serial_bayou_shore_b, uniq_bai_suzhen, uniq_kirke
Snake:4:  snake_pit, layout_chambers, basic_altar
Orc:1:    layout_diamond_mine, enter_volcano_4
Orc:2:    grunt_orc_gardens, layout_diamond_mine, grunt_orc_garden,
          grunt_orc_garden, grunt_orc_garden, grunt_orc_garden
Vaults:1: nicolae_vaults_asterisk, ontoclasm_vaults_chip, vaults_room_octagon,
          v_misc_11, grunt_vaults_twisty, v_misc_9, vaults_mumra_chevron,
          v_misc_3, hangedman_vaults_nails, ontoclasm_vaults_idyll,
          vaults_room_pools, layout_vaults_omnicross, serial_shops, shop
Vaults:2: nicolae_vaults_little_squares_4, v_rooms_5, blue_anna_dwarven_crypt,
          vaults_room_fours, v_misc_24, hangedman_vaults_stagger, v_misc_10,
          hangedman_vaults_slice, nicolae_vaults_rhombus_7,
          nicolae_vaults_stairing_the_circle, layout_vaults_chaotic_city,
          portal_desolation_entry_salt, uniq_jory, uniq_xtahua
Vaults:3: nicolae_vaults_theta, hangedman_vaults_pinch,
          vaults_dpeg_encased_lava, vaults_room_hangedman_quadrants,
          ontoclasm_vaults_ring_square, vaults_dpeg_diagonal, vaults_dpeg_hooks,
          nicolae_vaults_yaktaur_gun_rack, v_misc_14, hangedman_vaults_slice,
          ontoclasm_vaults_shuriken, layout_vaults_omnigrid, serial_shops,
          nicolae_shop_crystal, uniq_margery
Abyss:3:  evilmike_abyss_exit_3

Skill      XL: |  1  2  3  4  5  6  7  8  9 10 11 12 13 14 15 16 17 18 19 20 21 |
---------------+----------------------------------------------------------------+-----
Axes           | 3 5 6 8 10 11 12 13 14 15 16 17 18 19 20 21 22 | 22.0
Fighting       | 4 5 6 7 8 9 12 15 17 18 19 20 21 22 | 22.9
Armour         | 3 5 7 8 9 10 11 12 13 14 15 16 17 18 | 18.7
Dodging        | |  1.5

Action                   |  1- 3 |  4- 6 |  7- 9 | 10-12 | 13-15 | 16-18 | 19-21 || total
-------------------------+-------+-------+-------+-------+-------+-------+-------++-------
Melee: Hand axe          |   103 |   144 |   133 |       |       |       |       ||   380
       War axe           |       |       |   344 |   281 |       |       |       ||   625
       Battleaxe         |       |       |       |   291 |       |       |    55 ||   346
       Executioner's axe |       |       |       |   272 |  1003 |  1310 |   956 ||  3541
       Dire flail        |       |       |       |     4 |    29 |     6 |       ||    39
       Unarmed           |       |       |       |       |       |    17 |       ||    17
       Broad axe         |       |       |       |       |       |       |    13 ||    13
Invok: Berserk           |     1 |     4 |     7 |     2 |     1 |     1 |       ||    16
       Trog's Hand       |       |     2 |     6 |     9 |    24 |    38 |    31 ||   110
       Brothers in Arms  |       |       |       |     1 |     2 |     7 |    10 ||    20
 Abil: Fly               |       |       |       |       |       |     1 |       ||     1
Evoke: Wand              |       |       |       |     7 |       |     2 |     1 ||    10
  Use: Scroll            |       |       |    17 |     6 |    14 |     5 |    15 ||    57
       Potion            |       |       |       |     1 |       |     3 |     3 ||     7
 Stab: Sleeping          |     1 |       |       |       |       |       |       ||     1
       Petrified         |       |       |       |       |     5 |       |       ||     5
       Confused          |       |       |       |       |       |     1 |       ||     1
       Distracted        |       |       |       |       |       |       |     1 ||     1
  Eat: Chunk             |     2 |     7 |    14 |    30 |    40 |    18 |    13 ||   124
       Ration            |       |     1 |     4 |     5 |     3 |    13 |     9 ||    35
Armor: Animal skin       |     5 |       |       |       |       |       |       ||     5
       Ring mail         |    39 |    47 |       |       |       |       |       ||    86
       Scale mail        |       |    45 |    49 |       |       |       |       ||    94
       Chain mail        |       |       |   283 |   273 |       |       |       ||   556
       Plate armour      |       |       |       |   697 |  1369 |  1814 |  1104 ||  4984
Dodge: Dodged            |    74 |   105 |   226 |   459 |   614 |   813 |   581 ||  2872

Table legend:
 A = Non-vault XP
 B = Vault XP
 C = Vault XP percentage of total XP
 D = Non-vault monster count
 E = Vault monster count
 F = Vault count percentage of total count
                 A         B        C        D         E       F
            +---------+---------+-------+---------+---------+-------
      Total |  310022 |  211582 |  40.6 |    1048 |     530 |  33.6
            +---------+---------+-------+---------+---------+-------
        D:1 |      76 |      19 |  20.0 |      29 |      10 |  25.6
        D:2 |      50 |     243 |  82.9 |      13 |       2 |  13.3
        D:3 |     264 |      72 |  21.4 |      26 |       2 |   7.1
        D:4 |     374 |     158 |  29.7 |      11 |       1 |   8.3
        D:5 |     938 |     466 |  33.2 |      24 |       3 |  11.1
        D:6 |     692 |       2 |   0.3 |      26 |       1 |   3.7
        D:7 |    1420 |     965 |  40.5 |      29 |       1 |   3.3
        D:8 |    2060 |    1966 |  48.8 |      31 |      13 |  29.5
        D:9 |    2214 |       0 |   0.0 |      31 |       0 |   0.0
       D:10 |    1859 |     744 |  28.6 |      29 |      36 |  55.4
       D:11 |    6034 |    1918 |  24.1 |      51 |      15 |  22.7
       D:12 |    5383 |    3310 |  38.1 |      37 |       3 |   7.5
       D:13 |    5172 |    5881 |  53.2 |      16 |      19 |  54.3
       D:14 |    7802 |    6979 |  47.2 |      21 |      15 |  41.7
       D:15 |   12644 |    4431 |  26.0 |      36 |       9 |  20.0
     Lair:1 |    3896 |    2104 |  35.1 |      16 |       8 |  33.3
     Lair:2 |    3106 |       0 |   0.0 |      13 |       0 |   0.0
     Lair:3 |    5284 |    1432 |  21.3 |      20 |       4 |  16.7
     Lair:4 |    3314 |    2646 |  44.4 |       9 |       9 |  50.0
     Lair:5 |    7140 |     103 |   1.4 |      27 |       5 |  15.6
     Lair:6 |   10892 |    8873 |  44.9 |      40 |      48 |  54.5
    Swamp:1 |   16897 |       0 |   0.0 |      46 |       0 |   0.0
    Swamp:2 |   11214 |    4343 |  27.9 |      22 |       2 |   8.3
    Swamp:3 |   15771 |    2109 |  11.8 |      35 |      11 |  23.9
    Swamp:4 |   13890 |   25206 |  64.5 |      35 |      46 |  56.8
    Snake:1 |   17635 |       0 |   0.0 |      32 |       0 |   0.0
    Snake:2 |   19546 |   10592 |  35.1 |      37 |      30 |  44.8
    Snake:3 |    4849 |    7389 |  60.4 |      10 |       8 |  44.4
    Snake:4 |   35543 |   33824 |  48.8 |      63 |      47 |  42.7
      Orc:1 |    5975 |       0 |   0.0 |      44 |       0 |   0.0
      Orc:2 |    2436 |    9852 |  80.2 |      37 |      27 |  42.2
   Vaults:1 |   23067 |   15352 |  40.0 |      41 |      38 |  48.1
   Vaults:2 |   22529 |   28997 |  56.3 |      34 |      44 |  56.4
   Vaults:3 |   19726 |   27844 |  58.5 |      43 |      32 |  42.7
    Abyss:2 |   16121 |       0 |   0.0 |      16 |       0 |   0.0
    Abyss:3 |    4209 |    1484 |  26.1 |      18 |       2 |  10.0
     Bailey |       0 |    2278 | 100.0 |       0 |      39 | 100.0
            +---------+---------+-------+---------+---------+-------
